 Dungeon Crawl Stone Soup version 0.31-a0-229-g1fc7ce93e2 (webtiles) character file.

Game seed: 3358836514197265475

574 qw the Shooter (level 7, -4/41 HPs)
             Began as a Gargoyle Hexslinger on July 6, 2023.
             Slain by Ijyb
             ... wielding a +0 club
              (5 damage)
             ... on level 3 of the Dungeon.
             The game lasted 00:01:41 (2890 turns).

qw the Shooter (Gargoyle Hexslinger)                Turns: 2890, Time: 00:01:42

Health: -4/41      AC: 10    Str: 17    XL:     7   Next: 35%
Magic:  8/8        EV: 11    Int: 13    God:
Gold:   103        SH:  0    Dex: 14    Spells: 7/8 levels left

rFire   . . .        Y - +2 sling
rCold   . . .        (no shield)
rNeg    + . .        f - +1 ring mail {Will+}
rPois   inf          b - +0 helmet
rElec   +            e - +1 cloak
rCorr   .            (no gloves)
SInv    .            c - +2 pair of boots of Wrong Decisions {Str+5}
Will    +....        (no amulet)
Stlth   +            (no ring)
HPRegen 0.26/turn    (no ring)
MPRegen 0.11/turn

%: no passive effects
@: about to teleport, corroded
A: sickness immunity, AC +4, negative energy resistance 1, electricity
resistance, torment resistance 1, petrification resistance
a: no special abilities


You were on level 3 of the Dungeon.
You visited 1 branch of the dungeon, and saw 3 of its levels.
You also visited: Sewer.

You collected 103 gold pieces.


Innate Abilities, Weirdness & Mutations

You are immune to sickness and miasma.
Your stone body is resilient. (AC +4)
You are immune to poison.
You resist negative energy. (rN+)
You are resistant to electric shocks. (rElec)
You are resistant to unholy torment.
You are immune to petrification.


   Skills:
 + Level 3.2 Fighting
 - Level 6.1 Ranged Weapons
 - Level 4.0 Armour
 - Level 1.5 Dodging
 - Level 1.0 Spellcasting
 - Level 2.6 Hexes


You had 7 spell levels left.
You knew the following spells:

 Your Spells              Type           Power      Damage    Failure   Level
a - Slow                  Hex            28%        N/A       16%         1

Your spell library contained the following spells:

 Spells                   Type           Power      Damage    Failure   Level
 Inner Flame              Hex/Fire       4%         N/A       63%         3
 Portal Projectile        Hex/Tloc       8%         N/A       63%         3
 Cause Fear               Hex            3%         N/A       85%         4

Inventory:

Hand Weapons
 Y - a +2 sling (weapon)
Armour
 b - a +0 helmet (worn)
 c - the +2 pair of boots of Wrong Decisions (worn) {Str+5}
   (You found it in a sewer)

   Str:       It affects your strength (+5).
 e - a +1 cloak (worn)
 f - a +1 ring mail of willpower (worn)
Scrolls
 a - a scroll of teleportation
 d - 2 scrolls of identify
Potions
 g - a potion of magic {unknown}
 h - 3 potions of might
 i - a potion of lignification {unknown}
 k - 2 potions of berserk rage {unknown}

Dungeon Overview and Level Annotations

Branches:
Dungeon (3/15)              Sewer (visited)

Altars:
Yredelemnul

Annotations:
D:3 Ijyb


Message History

You shoot a sling bullet. The sling bullet barely misses Ijyb.
Ijyb hits you but does no damage.
You shoot a sling bullet.
The sling bullet hits Ijyb but does no damage.
Ijyb is severely wounded.
Ijyb closely misses you.
You shoot a sling bullet.
The sling bullet hits Ijyb but does no damage.
Ijyb is severely wounded.
Ijyb closely misses you. Ijyb hits you with a +0 club.
You shoot a sling bullet.
The sling bullet hits Ijyb but does no damage.
Ijyb is severely wounded.
Ijyb zaps a wand.
The bolt of acid misses you.
You shoot a sling bullet. The sling bullet barely misses Ijyb.
Ijyb hits you with a +0 club.
You shoot a sling bullet. The sling bullet closely misses Ijyb.
Ijyb hits you but does no damage.
You shoot a sling bullet.
The sling bullet hits Ijyb but does no damage.
Ijyb is severely wounded.
Ijyb closely misses you.
You shoot a sling bullet.
The sling bullet hits Ijyb but does no damage.
Ijyb is severely wounded.
Ijyb closely misses you.
You shoot a sling bullet.
The sling bullet hits Ijyb but does no damage.
Ijyb is severely wounded.
Ijyb barely misses you.
You shoot a sling bullet. The sling bullet closely misses Ijyb.
Ijyb hits you but does no damage.
Ijyb zaps a wand.
The bolt of acid hits you!
2889 ||| READING 2 scrolls of teleportation.
As you read the scroll of teleportation, it crumbles to dust.
You feel strangely unstable. Ijyb closely misses you.
You shoot a sling bullet. The sling bullet hits Ijyb.
Ijyb is severely wounded.
Ijyb hits you with a +0 club.
You die...

.#....# .#....# .....# ##....#
....# #....# ....# ###### #...#
#### #...# ...# .?. ...#
#####g# ..# ...# #....@# ###...
...####### #.###########......
.........###..................
.........##.....##............
##.......##.....#............
#.......##..............####
#...>...##.................#
#.......'.....[....#.#.#.....
#......^####.###+#.#.#.#.#.####


You could see Ijyb.

Vanquished Creatures
  Grinder (D:3)
  2 bullfrogs (Sewer)
  Terence (D:3)
  Jessica (D:2)
  9 adders
  2 worms (D:2)
  2 dart slugs (D:2)
  15 ball pythons
  18 endoplasms
  10 giant cockroaches
  10 hobgoblins
  12 quokkas
  5 bats
  13 frilled lizards
  5 goblins
  10 kobolds
  7 rats
123 creatures vanquished.

Vanquished Creatures (others)
  A kobold (D:3)
1 creature vanquished.

Grand Total: 124 creatures vanquished

Notes
Turn   | Place    | Note
-------+----------+-------------------------------------------
     0 | D:1      | qw the Gargoyle Hexslinger began the quest for the Orb.
     0 | D:1      | Reached XP level 1. HP: 12/12 MP: 2/2
     0 | D:1      | 0 ||| qw: Version: 0.3-a-46-gb1f654a
     0 | D:1      | 0 ||| qw: Game counter: 1138
     0 | D:1      | 0 ||| qw: Melee chars always use a shield: true
     0 | D:1      | 0 ||| qw: God list: Okawaru
     0 | D:1      | 0 ||| qw: Allow faded altars: false
     0 | D:1      | 0 ||| qw: Do Orc after clearing Dungeon:15 true
     0 | D:1      | 0 ||| qw: Do second Lair branch before Depths: true
     0 | D:1      | 0 ||| qw: Lair rune preference: random
     0 | D:1      | 0 ||| qw: Goals: Normal
     0 | D:1      | 0 ||| PLANNING D:1-11
    42 | D:1      | Reached XP level 2. HP: 16/16 MP: 3/3
    68 | D:1      | Reached skill level 3 in Ranged Weapons
   326 | D:1      | Reached XP level 3. HP: 21/21 MP: 4/4
   489 | D:1      | 489 ||| UPGRADING to +1 cloak.
   494 | D:1      | 494 ||| READING scroll labelled HALOCIS GOCSU.
   499 | D:1      | 499 ||| READING scroll labelled POMIJA EGGUNE.
   500 | D:1      | 500 ||| READING scroll labelled TOEQ JUP NOITA.
   501 | D:1      | 501 ||| READING scroll labelled QENIOC AGALEI.
   502 | D:1      | 502 ||| READING scroll labelled QAEKKA GORGHOTUNOE.
   516 | D:1      | 516 ||| DRINKING 2 amethyst potions.
   517 | D:1      | 517 ||| DROPPING scroll of poison.
   624 | D:2      | Reached XP level 4. HP: 26/26 MP: 5/5
   725 | D:2      | Reached skill level 4 in Ranged Weapons
   877 | D:2      | Noticed Jessica
   890 | D:2      | Killed Jessica
   891 | D:2      | Reached XP level 5. HP: 26/30 MP: 6/6
  1358 | D:2      | 1358 ||| UPGRADING to +0 helmet.
  1363 | D:2      | 1363 ||| UPGRADING to +0 leather armour.
  1373 | D:2      | 1373 ||| DROPPING +0 robe.
  1374 | D:2      | 1374 ||| READING scroll labelled XOOZIRCHEBB.
  1375 | D:2      | 1375 ||| READING scroll labelled DIABAU KOPS.
  1376 | D:2      | 1376 ||| DRINKING 2 bubbling red potions.
  1377 | D:2      | 1377 ||| DROPPING potion of degeneration.
  1419 | D:3      | 1419 ||| PLANNING SEWER
  1490 | D:3      | Reached skill level 5 in Ranged Weapons
  1722 | D:3      | Noticed Terence
  1740 | D:3      | Killed Terence
  1855 | D:3      | Noticed Grinder
  1858 | D:3      | 1858 ||| FLEEEEING.
  1865 | D:3      | Paralysed by Grinder for 4 turns
  1877 | D:3      | HP: 7/31 [Grinder (2)]
  1878 | D:3      | 1878 ||| READING 2 scrolls of teleportation.
  2107 | D:3      | 2107 ||| Stepping ~*~*~tactically~*~*~ (water).
  2120 | D:3      | Found a glowing drain.
  2121 | D:3      | 2121 ||| UPGRADING to +1 ring mail of willpower.
  2131 | D:3      | 2131 ||| DROPPING +0 leather armour.
  2132 | D:3      | 2132 ||| READING scroll labelled TIX JALYOF.
  2136 | Sewer    | Entered a sewer
  2166 | Sewer    | 2166 ||| Stepping ~*~*~tactically~*~*~ (water).
  2168 | Sewer    | 2168 ||| Stepping ~*~*~tactically~*~*~ (water).
  2194 | Sewer    | 2194 ||| Stepping ~*~*~tactically~*~*~ (water).
  2213 | Sewer    | 2213 ||| Stepping ~*~*~tactically~*~*~ (water).
  2233 | Sewer    | 2233 ||| Stepping ~*~*~tactically~*~*~ (water).
  2236 | Sewer    | 2236 ||| Stepping ~*~*~tactically~*~*~ (water).
  2248 | Sewer    | Reached skill level 1 in Armour
  2268 | Sewer    | 2268 ||| Stepping ~*~*~tactically~*~*~ (water).
  2284 | Sewer    | Reached skill level 3 in Fighting
  2308 | Sewer    | 2308 ||| Stepping ~*~*~tactically~*~*~ (water).
  2361 | Sewer    | 2361 ||| Stepping ~*~*~tactically~*~*~ (water).
  2411 | Sewer    | Reached XP level 6. HP: 37/37 MP: 7/7
  2430 | Sewer    | 2430 ||| Stepping ~*~*~tactically~*~*~ (water).
  2475 | Sewer    | Reached skill level 6 in Ranged Weapons
  2520 | Sewer    | Identified the +2 pair of boots of Wrong Decisions {Str+5}
  2528 | Sewer    | 2528 ||| UPGRADING to +2 pair of boots of Wrong Decisions
                  | {Str+5}.
  2533 | Sewer    | 2533 ||| READING scroll labelled ONINIL VUUMATE.
  2547 | D:3      | 2547 ||| PLANNING D:1-11
  2607 | D:3      | Paralysed by Grinder for 2 turns
  2616 | D:3      | 2616 ||| FLEEEEING.
  2617 | D:3      | 2617 ||| FLEEEEING.
  2625 | D:3      | Killed Grinder
  2626 | D:3      | Reached XP level 7. HP: 40/41 MP: 8/8
  2688 | D:3      | Found a basalt altar of Yredelemnul.
  2862 | D:3      | Noticed Ijyb
  2888 | D:3      | HP: 1/41 [Ijyb/bolt of acid (12)]
  2889 | D:3      | 2889 ||| READING 2 scrolls of teleportation.
  2890 | D:3      | Slain by Ijyb

Levels and vault maps discovered:
D:1:      minmay_arrival_four_circles, layout_basic
D:2:      layout_loops_corners, uniq_jessica
D:3:      layout_basic, yredelemnul_altar_generic, gup_sewer_entry_spiral,
          chequers_serial_rivers_micro_e, uniq_grinder, uniq_ijyb, uniq_terence

Skill      XL: |  1  2  3  4  5  6 |
---------------+-------------------+-----
Ranged Weapons | 3 4 5 6 |  6.1
Fighting       | 2 3 |  3.2
Armour         | 1 4 |  4.0
Dodging        | |  1.5
Spellcasting   | |  1.0
Hexes          | |  2.6

Action                     |  1- 3 |  4- 6 |  7- 9 || total
---------------------------+-------+-------+-------++-------
   Fire: Sling             |    96 |   317 |    54 ||   467
    Use: Scroll            |     5 |     5 |     1 ||    11
         Potion            |     1 |     1 |       ||     2
 Armour: Robe              |     7 |    18 |       ||    25
         Ring mail         |       |    78 |    22 ||   100
         Leather armour    |       |     8 |       ||     8
  Dodge: Dodged            |    20 |   103 |    18 ||   141

Table legend:
 A = Non-vault XP
 B = Vault XP
 C = Vault XP percentage of total XP
 D = Non-vault monster count
 E = Vault monster count
 F = Vault count percentage of total count
                 A         B        C        D         E       F
            +---------+---------+-------+---------+---------+-------
      Total |     199 |     622 |  75.8 |      66 |      58 |  46.8
            +---------+---------+-------+---------+---------+-------
        D:1 |      53 |       0 |   0.0 |      30 |       0 |   0.0
        D:2 |     100 |      37 |  27.0 |      20 |       1 |   4.8
        D:3 |      46 |     309 |  87.0 |      16 |       5 |  23.8
      Sewer |       0 |     276 | 100.0 |       0 |      52 | 100.0
            +---------+---------+-------+---------+---------+-------
